Cogmind - Beta 13 @@@ ROGUE MODE // 2024.04.01 @ 18:07:35 Player: Kafouille Result: Destroyed by G-34 Mercenary with Small Laser Performance ------------- Evolutions (1) 500 Regions Visited (2) 400 Robots Destroyed (79) 395 Value Destroyed (1719) 1719 Prototype IDs (6) 120 Alien Tech Used (0) 0 Bonus (181) 181 TOTAL SCORE: 3315 Bonus ------- High Alert Combat Kills 181 Cogmind --------- Core Integrity 0/400 Matter 290/300 Energy 280/280 System Corruption 1% Temperature Cool (6) Movement Treading (170) Location -9/Materials Parts ------- > --- POWER (1) -------- Heavy Ion Engine > --- PROPULSION (2) --- Armored Treads Armored Treads > --- UTILITY (2) ------ Medium Storage Unit Hardened Light Armor Plating > --- WEAPON (4) ------- Improved Medium Laser Improved Medium Laser Improved Medium Laser Datajack > --- INVENTORY (10) --- Improved Ion Engine Armored Treads Armored Treads Cooling System Improved Sensor Array Recoil Stabilizer ECM Suite Rocket Launcher Peak State ------------ > --- POWER ------------ Heavy Ion Engine > --- PROPULSION ------- Armored Treads Armored Treads > --- UTILITY ---------- Medium Storage Unit Medium Armor Plating > --- WEAPON ----------- Improved Medium Laser Improved Medium Laser Improved Medium Laser Rocket Launcher > --- INVENTORY -------- Improved Ion Engine Improved Ion Engine Cooling System Improved Sensor Array Recoil Stabilizer ECM Suite Light Armor Plating Particle Cannon Particle Cannon Particle Cannon [Rating: 25] Favorites ----------- Power Heavy Ion Engine Engine Heavy Ion Engine Propulsion Armored Treads Treads Armored Treads Wheel Wheel Utility Medium Storage Unit Device ECM Suite Storage Medium Storage Unit Protection Medium Armor Plating Weapon Improved Medium Laser Energy Gun Improved Medium Laser Energy Cannon Particle Cannon Ballistic Gun Light Assault Rifle Ballistic Cannon Light Cannon Launcher Rocket Launcher Slashing Weapon Katana Special Melee Weapon Datajack Build | -11 -10 -9 ------- Run | Yrd Mat Mat Slots Evolved 2 | . . 2 Power . | . . . Propulsion . | . . . Utility . | . . . Weapon 2 | . . 2 Parts Attached 54 | 5 13 36 Power 9 | 1 3 5 Engine 9 | 1 3 5 Core . | . . . Reactor . | . . . Propulsion 9 | 2 2 5 Treads 3 | . . 3 Leg . | . . . Wheel 6 | 2 2 2 Hover . | . . . Flight . | . . . Utility 13 | . 2 11 Device 2 | . 1 1 Storage 2 | . 1 1 Processor . | . . . Hackware . | . . . Protection 9 | . . 9 Artifact . | . . . Weapon 23 | 2 6 15 Energy Gun 11 | 2 2 7 Energy Cannon 2 | . . 2 Ballistic Gun 4 | . 3 1 Ballistic Cannon 1 | . 1 . Launcher 2 | . . 2 Special Weapon . | . . . Impact Weapon . | . . . Slashing Weapon 1 | . . 1 Piercing Weapon . | . . . Special Melee Weapon 2 | . . 2 Unidentified Prototypes . | . . . Parts Lost 11 | . 3 8 Power 2 | . 1 1 Propulsion 3 | . 1 2 Utility 4 | . . 4 Weapon 2 | . 1 1 Highest Loss Streak 3 | . 3 2 To Critical Strikes . | . . . Average Slot Usage (%) 93 | . 80 96 Engine 11 | . 13 10 Treads 8 | . . 9 Wheel 13 | . 27 10 Storage 10 | . 10 10 Protection 9 | . . 10 Energy Gun 21 | . 3 25 Energy Cannon 1 | . . 1 Ballistic Gun 5 | . 18 3 Launcher 5 | . . 6 Slashing Weapon 1 | . . 1 Special Melee Weapon 4 | . . 4 Naked Turns . | . . . Heaviest Build 38 | 5 21 38 Greatest Support 40 | 20 20 40 Greatest Overweight (x) 3 | . 1 3 Average Overweight (x) . | . . . Largest Inventory Capacity 10 | 5 10 10 Average Capacity 9 | 5 8 9 Most Carried 10 | 2 5 10 Average Carried 7 | . 2 8 Final Capacity 10 | 5 10 10 Final Carried 8 | . 3 8 Class Distribution -------------------- 47% | Tank 19% | Scavenger-Mutant 17% | Scavenger-Tank 16% | Mutant Dominant Class ---------------- Mutant | -10/Materials Tank | -9/Materials Resources | -11 -10 -9 ----------- Run | Yrd Mat Mat Matter Collected 1211 | 250 302 659 Remotely . | . . . Salvage Created 2704 | 47 469 2188 Parts 171 | 3 35 133 Haulers Intercepted 6 | . 1 5 Recyclers Shooed 4 | . 2 2 Parts Field Recycled . | . . . Retrieved Matter . | . . . Parts Self-Destructed . | . . . Prevented . | . . . Kills | -11 -10 -9 ------- Run | Yrd Mat Mat Combat Hostiles Destroyed 50 | 1 11 38 Melee 5 | . . 5 Guns 33 | 1 7 25 Cannons 7 | . 4 3 AOE 3 | . . 3 Classes Destroyed 12 | 2 5 5 Worker 4 | 1 . 3 Builder 2 | . . 2 Tunneler 1 | . . 1 Hauler 6 | . 1 5 Recycler 6 | . 1 5 Mechanic 1 | . . 1 Operator 4 | . 2 2 Watcher 5 | . 2 3 Swarmer 16 | . 5 11 Grunt 22 | 1 6 15 Brawler 2 | . . 2 Sentry 10 | . . 10 Best Kill Streak 4 | 1 3 4 Combat Bots Only 4 | 1 3 4 Max Kills in Single Turn 3 | 1 1 3 Gunslinging 1 | . . 1 Exploded 3 | . . 3 Melee 1 | . . 1 Uniques/NPCs Destroyed . | . . . Combat | -11 -10 -9 -------- Run | Yrd Mat Mat Hostile Shots Fired 285 | 3 69 213 Missed 71 | . 17 54 Damage Taken 2560 | 33 565 1962 Core 601 | 11 187 403 Absorbed by Shields . | . . . Regen/Repaired (Parts) 211 | . 32 179 Core Remaining (%) 57 | 95 20 . Volleys Fired 222 | 8 75 139 Largest 3 | 2 2 3 Hottest 169 | 80 85 169 Shots Fired 527 | 16 148 363 Gun 473 | 16 123 334 Cannon 51 | . 25 26 Launcher 3 | . . 3 Special . | . . . Kinetic 223 | . 132 91 Thermal 301 | 16 16 269 Explosive 3 | . . 3 Electromagnetic . | . . . Robot Hit Streak 22 | 5 8 22 Robot Miss Streak 7 | 1 4 7 Penetration Max . | . . . Secondary Targets 5 | . . 5 Max Gunslinging Chain 1 | . . 1 Shots Hit Robots 326 | 11 84 231 Core Hits 110 | 3 32 75 Critical Kills 1 | . . 1 Critical Parts Destroyed 1 | . 1 . Critical Strikes 16 | . 2 14 Burn 11 | . . 11 Destroy 2 | . 1 1 Blast 1 | . 1 . Sever 2 | . . 2 Melee Attacks 40 | . . 40 Impact . | . . . Slashing 14 | . . 14 Piercing . | . . . Sneak Attacks 27 | . . 27 Combat Hostiles . | . . . Follow-up Attacks . | . . . Damage Inflicted 4644 | 118 838 3688 Guns 3457 | 118 588 2751 Cannons 575 | . 250 325 Explosions 182 | . . 182 Melee 412 | . . 412 Ramming 18 | . . 18 Kinetic 1447 | . 771 676 Thermal 2585 | 118 67 2400 Explosive 182 | . . 182 Electromagnetic . | . . . Impact . | . . . Slashing 412 | . . 412 Piercing . | . . . Highest Corruption 1 | . 1 1 Average Corruption 1 | . 1 1 Corruption Purged . | . . . Corruption Blocked . | . . . Effects 13 | . . 13 Message Errors 3 | . . 3 Matter Fused 1 | . . 1 Heat Flow Errors 1 | . . 1 Energy Discharges 2 | . . 2 Data Loss (minor) 2 | . . 2 Data Loss (major) 2 | . . 2 Misfires 1 | . . 1 Weapon Failures 1 | . . 1 Overload Shots . | . . . Overflow Damage 126 | . . 126 Projectiles 11 | . . 11 Explosions 14 | . . 14 Melee 101 | . . 101 Knockbacks 4 | . 4 . Impact . | . . . Kinetic 3 | . 3 . Secondary 1 | . 1 . Self-Inflicted Damage 32 | . . 32 Shots 1 | . . 1 Rammed 3 | . . 3 Targets Rammed 4 | . . 4 Kicked . | . . . Crushed 1 | . . 1 Highest Temperature 586 | 66 108 586 Average Temperature 133 | 24 28 148 Received Heat Transfer 738 | 18 210 510 Effects 27 | . . 27 Shutdowns 7 | . . 7 Energy Bleed 5 | . . 5 Interference 8 | . . 8 Matter Decay 2 | . . 2 Short Circuit 1 | . . 1 Damage (major) 3 | . . 3 Damage (core) 1 | . . 1 Siege Activations . | . . . Robots Corrupted . | . . . Combat Hostiles . | . . . Parts Fried . | . . . Impact Corruptions . | . . . Robots Melted 2 | . . 2 Combat Hostiles 2 | . . 2 Parts Melted 14 | . . 14 Heat Transferred 6468 | 275 162 6031 Parts Sabotaged . | . . . Parts Stolen . | . . . Parts Stripped . | . . . Power Chain Reactions . | . . . Alert | -11 -10 -9 ------- Run | Yrd Mat Mat Peak Influence 855 | 25 172 855 Initial 55 | . 16 55 Average 378 | 4 87 446 Maximum Alert Level 3 | . . 3 Low Security (%) 36 | 100 100 22 Level 1 16 | . . 20 Level 2 24 | . . 30 Level 3 21 | . . 25 Level 4 . | . . . Level 5 . | . . . High Security . | . . . Max Security . | . . . Squads Dispatched 10 | . 3 7 Investigation 5 | . . 5 Extermination . | . . . Reinforcement 5 | . 3 2 Assault . | . . . Garrison . | . . . Intercept . | . . . Searches Triggered . | . . . Construction Impeded . | . . . Haulers Reinforced . | . . . Active Scanning Responses . | . . . Cargo Convoy Interrupts . | . . . Stealth | -11 -10 -9 --------- Run | Yrd Mat Mat Distress Signals 9 | . 4 5 Communications Jammed . | . . . Distress Signals . | . . . Times Spotted 83 | 1 21 61 Peak Tracking Total 6 | 1 6 5 Tactical Retreats 5 | . 1 4 Traps | -11 -10 -9 ------- Run | Yrd Mat Mat Traps Triggered 2 | . 1 1 Indirectly . | . . . Trap Hack Attempts . | . . . Triggered . | . . . Disarmed . | . . . Reprogrammed . | . . . Reused . | . . . Traps Extracted . | . . . Installed . | . . . Triggered . | . . . Machines | -11 -10 -9 ---------- Run | Yrd Mat Mat Machines Disabled 5 | . 1 4 Max in Single Turn 1 | . 1 1 Machines Repaired . | . . . Machines Dismantled . | . . . Machines Sabotaged . | . . . Overloaded Fab Kills . | . . . Hacking | -11 -10 -9 --------- Run | Yrd Mat Mat Machines Accessed 15 | . 5 10 Terminals 9 | . 4 5 Fabricators . | . . . Repair Stations 3 | . 1 2 Recycling Units 1 | . . 1 Scanalyzers 2 | . . 2 Garrison Access . | . . . Total Hacks 54 | . 12 42 Successful 36 | . 7 29 Failed 18 | . 5 13 Catastrophic 3 | . . 3 Database Lockouts . | . . . Manual . | . . . Terminals 27 | . 10 17 Fabricators . | . . . Repair Stations 14 | . 2 12 Recycling Units 2 | . . 2 Scanalyzers 11 | . . 11 Garrison Access . | . . . Terminal Hacks 16 | . 5 11 Record 2 | . . 2 Prototype ID Bank 4 | . . 4 Emergency Access Points 3 | . 1 2 Alert Level 2 | . . 2 Unreport Threat 2 | . 2 . Locate Traps 1 | . 1 . Recall Investigation 1 | . 1 . Zone Layout 1 | . . 1 Fabricator Hacks . | . . . Repair Station Hacks 10 | . 2 8 Scan Component 6 | . 1 5 Repair 4 | . 1 3 Recycling Unit Hacks . | . . . Scanalyzer 10 | . . 10 Insert Component 4 | . . 4 Analyze 6 | . . 6 Garrison Access Hacks . | . . . Unauthorized Hacks . | . . . Terminals . | . . . Fabricators . | . . . Repair Stations . | . . . Recycling Units . | . . . Scanalyzers . | . . . Garrison Access . | . . . Data Cores Recovered . | . . . Used . | . . . Hacking Detections 10 | . 1 9 Full Trace Events 6 | . . 6 Feedback Events 1 | . . 1 Corruption 1 | . . 1 Feedback Blocked . | . . . Robot Schematics Acquired . | . . . Robots Built . | . . . Authchips . | . . . Time . | . . . Total Robot Build Rating . | . . . Part Schematics Acquired 4 | . . 4 Parts Built . | . . . Authchips . | . . . Time . | . . . Total Part Build Rating . | . . . Parts Repaired 4 | . 1 3 Time 141 | . 32 109 Parts Recycled . | . . . Recycled Matter . | . . . Retrieved Matter . | . . . Retrieved Components . | . . . Parts Scanalyzed 4 | . . 4 Part Schematics Acquired 4 | . . 4 Parts Damaged . | . . . Bothacking | -11 -10 -9 ------------ Run | Yrd Mat Mat Used RIF Installer . | . . . Robots Hacked 15 | . . 15 Non-combat 14 | . . 14 Combat 1 | . . 1 Robot Hacks Applied 24 | . . 24 parse_system 3 | . . 3 no_distress 20 | . . 20 find_recycling 1 | . . 1 Relay Couplers Released . | . . . Fabnet Peak Effective % . | . . . Robots Rewired . | . . . Allies Hacked . | . . . Hacks Repelled . | . . . Allies | -11 -10 -9 -------- Run | Yrd Mat Mat Total Allies . | . . . Largest Group . | . . . Highest-Rated Group . | . . . Highest-Rated Ally . | . . . Total Orders . | . . . Ally Attacks . | . . . Total Damage . | . . . Kills . | . . . Allies Corrupted . | . . . Allies Melted . | . . . Intel | -11 -10 -9 ------- Run | Yrd Mat Mat Robot Analysis Total . | . . . Derelict Logs Recovered . | . . . Drone Launches . | . . . Drone Recoveries . | . . . Exploration | -11 -10 -9 ------------- Run | Yrd Mat Mat Turns Passed 4154 | 118 643 3393 Spaces Moved 2476 | 107 439 1930 Core 16 | 16 . . Treads 730 | . . 730 Legs . | . . . Wheels 1730 | 91 439 1200 Hover . | . . . Flight . | . . . Fastest Speed 50 | 50 80 80 Average Speed 121 | 75 81 132 Slowest Speed 250 | 80 95 250 Overloaded Moves . | . . . Propulsion Burnouts . | . . . Robots Hopped . | . . . Cave-ins Triggered . | . . . Exploration Rate (%) 52 | 6 64 87 Regions Visited 2 Branch Regions . Pre-discovered Areas . | . . . Known Exits Taken . | . . . Unknown Exits Taken 2 | 1 1 . Scrap Searched . | . . . Spaces Dug . | . . . Terrain Destroyed 38 | . . 38 Melee . | . . . Projectile . | . . . AOE 38 | . . 38 Terrain Rammed . | . . . Walls Destroyed . | . . . Machines Disabled . | . . . Actions | -11 -10 -9 --------- Run | Yrd Mat Mat Total 3170 | 127 602 2441 Wait 286 | 3 53 230 Move 2474 | 106 438 1930 Hop . | . . . Pick Up 55 | 5 14 36 Fast Attach 10 | . . 10 Attach 29 | 5 11 13 Detach 6 | . 4 2 Swap 15 | . 2 13 Drop 29 | . 5 24 Fire 222 | 8 75 139 Melee 40 | . . 40 Ram . | . . . Kick . | . . . Crush 4 | . . 4 Escape Stasis . | . . . Rewire . | . . . Trap . | . . . Miscellaneous . | . . . Route ------- -11/Scrapyard -10/Materials (discovered 3 exits: *Mat x2 / [*Min]) -9/Materials (discovered 4 exits: [*Mat x3] / [*Min]) History --------- Turn | Location | Event 2 | -11/Scrapyard | Met Revision 17 97 | -11/Scrapyard | Discovered new exit (range 8) 119 | -11/Scrapyard | Entered Materials 207 | -10/Materials | Discovered new exit (range 13) 271 | -10/Materials | Discovered new exit (range 15) 578 | -10/Materials | Core integrity fell below 50% 649 | -10/Materials | Lost 3 parts (1p1n1w) 726 | -10/Materials | Build established: Mutant 743 | -10/Materials | Repaired Particle Gun 756 | -10/Materials | Discovered new exit (range 8) 762 | -10/Materials | Entered another Materials area 762 | -9/Materials | Evolved 2 slots: Weapon x2 1161 | -9/Materials | Build established: Scavenger-Tank 1369 | -9/Materials | Repaired Particle Gun 1403 | -9/Materials | Discovered new exit (range 4) 1703 | -9/Materials | Repaired Med. Storage Unit 1800 | -9/Materials | Build established: Scavenger-Mutant 1866 | -9/Materials | Core integrity fell below 50% 2196 | -9/Materials | Discovered new exit (range 13) 2458 | -9/Materials | Build established: Tank 2609 | -9/Materials | Discovered new exit (range 7) 2738 | -9/Materials | Discovered new exit (range 10) 3167 | -9/Materials | Core integrity fell below 20% 4127 | -9/Materials | Repaired Imp. Medium Laser 4155 | -9/Materials | Destroyed by G-34 Mercenary with Small Laser Last Messages --------------- 03977_ R-06 Scavenger collects Lgt. Ion Engine. 03980_ R-06 Scavenger collects Wheel. 03986_ S-10 Pest destroyed. 04005_ K-01 Serf collects debris. 04076_ Connecting with Repair Station... >>Scan(Imp. Medium Laser) Scanning Imp. Medium Laser... Ready to Repair: Imp. Medium Laser Rating: 2p Time: 51 >>Repair Repairing Imp. Medium Laser... ETC: 51 04127_ Repair station completes Imp. Medium Laser repairs. 04127_ Connecting with Repair Station... 04127_ ALERT: Suspicious activity at Repair Station M002. Dispatching Investigation squad. 04127_ Acquired Imp. Medium Laser. Map ----- +----------------------------------------------------+ | ??# =%= #! #?????????????? | | ?##+##+######+########## # #?????????????? | | ?# # ######/########?????????????? | | ?# #""""" ## #????????????????? | | ?# #""""" ## """ #????????????????? | | ?# #""""" #""""" #????????????????? | | ?# #""""" ##"""" #????????????????? | | ?# #""""" ##""""" #????????????????? | | ?# #""""" ## """ #????????????????? | | ?# #""""" ## [ #????????????????? | | ?########### ## #????????????????? | | ???????????###################+#?????????######## | | ?????????????????????????????#|#?????????# # | | ??#######?##??????##########?# #?????????# # | | ??# #?????## % #?#%#?????????# # | | ??# """ #?????# """ ""### #?????????# # | | ??#= """ ######## """ "### ##???###### # | | ??# """ # # """ # % ##### # # | | ??# # # */% # # | | ??# """ # """# """ # % %+ # | | ??# """ # R"# """ = # ##### # # | | ??# """ # """# """ ######???## ## # | | ??# # # ! #?????????# ## # | | #######+######+####################### ## # | | g % ##= # | | gg % % % @ ######### | | % % #????? | | ############ ###+################ #????? | | ???????????# # #???????????###+####???? | | ???????????#!! ! /#!! #???????????# #???? | | ???????????#!!!!//#!! #???????????# #???? | | ???????????########!! #???????????# """ #???? | | ??????????????????# #???????????# "Y #???? | | ??????????????????# [#???????????# """ #???? | | ??????????????????########???????????# #???? | | ?????????????????????????????????????########???? | | | | | | | | | | | | | | | | | | | | | | | | | | | | | +----------------------------------------------------+ Best States ------------- Heat Dissipation 28 Energy Generation 14 Energy Capacity 280 Matter Stores 300 Matter Capacity 300 Sight Range 16 Terrain Scan Density 10 ECM Strength 1 Armor Coverage 225 Evasion (%) 50 Recoil Reduction 2 Item Schematics ----------------- Imp. Medium Laser | -9/Materials | Scanalyzed Hvy. Ion Engine | -9/Materials | Scanalyzed Arm. Treads | -9/Materials | Scanalyzed Recoil Stabilizer | -9/Materials | Scanalyzed Robot Schematics ------------------ None Fabricated ------------ Nothing Alien Tech Used ----------------- None Achievements -------------- None Challenges ------------ None Game ------ Seed SegregatorAntimatterBeam Manual? 0 Play Time 01:03:49 Cumulative 4.6 hours Start 2024.04.01 @ 17:00:14 End 2024.04.01 @ 18:07:35 Sessions 1 Manual Loads 0 Difficulty Rogue Special Mode None Game No. 4 Rogue 4 Adventurer 0 Explorer 0 Win Type - Total 0 Types 0/0/0/0/0/0/0/0/0 Lore% 5 Gallery% 10 Achievement% 9 Wizard Run 0 Options --------- Layout 2 ASCII 0 Keyboard 0 Movement Numpad Keybinds 0 Fullscreen 2 Font 32/SmallcapsGlow Map View 50x44 Zoom Use 0% Tactical HUD 1 Map Filters NONE Filters NONE Steam 1 RUN: a8f56da9-29b0-4054-bf6c-7e3c86896556